 Dungeon Crawl Stone Soup version 0.16-a0-3450-ge993766 (webtiles) character file.

263 Minkie the Sneak (level 5, -1/35 HPs)
             Began as a Vampire Enchanter on Dec 31, 2014.
             Slain by Minkie's ghost (10 damage)
             ... on level 3 of the Dungeon on Jan 1, 2015.
             The game lasted 00:12:21 (2976 turns).

Minkie the Sneak (Vampire Enchanter)                Turns: 2976, Time: 00:12:21

Health: -1/35      AC:  3    Str:  7    XL:     5   Next: 98%
Magic:  2/9        EV: 12    Int: 18    God:
Gold:   121        SH:  0    Dex: 14    Spells: 3 memorised, 2 levels left

rFire  . . .     SeeInvis +     k - +2 dagger (vamp)
rCold  + + .     Clarity  .     b - +1 robe
rNeg   + + +     SustAb   .     (no shield)
rPois  +         Gourm    .     (no helmet)
rElec  .         Spirit   .     (no cloak)
rCorr  .         Warding  .     (no gloves)
rMut   .         Stasis   .     (no boots)
MR     +....                    (no amulet)
Stlth  ++++......               (no ring)
                                t - ring of protection from magic

@: regenerating slowly, somewhat resistant to hostile enchantments, stealthy
A: bottle blood, fangs 3, see invisible, unbreathing
a: Bat Form


You were on level 3 of the Dungeon.
You were near bloodless.

You visited 1 branch of the dungeon, and saw 3 of its levels.

You collected 121 gold pieces.

Inventory:

Hand weapons
 k - a +2 vampiric dagger (weapon)
Missiles
 q - 5 tomahawks (quivered)
Armour
 b - a +1 robe (worn)
Jewellery
 t - a ring of protection from magic (left hand)
Magical devices
 n - a wand of fireball (6)
 o - a wand of digging (10)
Scrolls
 a - a scroll of noise {unknown}
 e - 2 scrolls of identify {unknown}
 h - a scroll of teleportation {unknown}
 i - 2 scrolls of remove curse {unknown}
 l - 3 scrolls of enchant armour {unknown}
 m - 2 scrolls of random uselessness {unknown}
 p - a scroll of fear {unknown}
Potions
 d - 5 potions of blood
 g - a potion of lignification {unknown}
 j - a potion of flight {unknown}
 r - a potion of agility {unknown}
 s - a potion of curing {unknown}
Books
 c - a book of Maledictions

   Spells                             Type                      Level
   a - Corona                         Hexes                        1
   b - Sure Blade                     Hexes/Charms                 2
   c - Ensorcelled Hibernation        Hexes/Ice                    2
   d - Confuse                        Hexes                        3
   e - Dazzling Spray                 Conjuration/Hexes            3
   f - Enslavement                    Hexes                        4
 f - a book of Hinderance

   Spells                             Type                      Level
   a - Confusing Touch                Hexes                        2
   b - Confuse                        Hexes                        3
   c - Petrify                        Transmutation/Earth          4
   d - Metabolic Englaciation         Hexes/Ice                    5
   e - Summon Mana Viper              Hexes/Summoning              5
   f - Gell's Gravitas                Hexes/Translocation          6


   Skills:
 - Level 0.1 Fighting
 + Level 3.0 Short Blades
 - Level 2.1 Dodging
 + Level 6.6 Stealth
 - Level 2.0 Spellcasting
 + Level 6.1 Hexes
 + Level 2.8 Ice Magic


You had 2 spell levels left.
You knew the following spells:

 Your Spells              Type           Power        Failure   Level  Hunger
a - Corona                Hex            ###....      1%          1    #......
b - Ensorcelled Hibernat  Hex/Ice        ###...       6%          2    ###....
c - Confuse               Hex            ###.....     4%          3    ###....


Dungeon Overview and Level Annotations

Branches:
Dungeon (3/15)

Altars:
Cheibriados
Fedhas
Ru

Annotations:
D:3 Minkie's ghost, average HEWr


Innate Abilities, Weirdness & Mutations

You heal slowly.
You can bottle blood from corpses.
You have razor-sharp teeth.
You have supernaturally acute eyesight.
You can survive without breathing.


Message History

Minkie's ghost is almost destroyed.
Minkie's ghost seems less confused.
Minkie's ghost closely misses you.
You hit Minkie's ghost but do no damage.
Minkie's ghost is almost destroyed.
Minkie's ghost hits you.
You closely miss Minkie's ghost.
Minkie's ghost is almost destroyed.
Minkie's ghost hits you.
* * * LOW HITPOINT WARNING * * *
Casting: Confuse
Confirm with . or Enter, or press ? or * to list all spells.
Aiming: Confuse
Press: ? - help, Shift-Dir - straight line, f/p - Minkie's ghost
Aim: Minkie's ghost (almost destroyed, chance 41%) Minkie's ghost appears confused.
You are too injured to fight recklessly!
You completely miss Minkie's ghost.
Minkie's ghost is almost destroyed.
Minkie's ghost hits you!
You die...

.......#.##.#####.# #...#
.....#.#..........# #...#
...........#.###..# #####
........<..#.###..#
...........#..##..##
...........##.#....#
#####......##......##############
.# #......###....<..............
.# ##########..@..##############
.# #...........W## #...........
.# #.########.#.# #.#########. .#
#.# #.#.# #.#########. .#####.##
#)..# #.##........ ........#
##..# #.#####.#### ........#
#..####.# #.# # ........#
##....#.# #.# #
........#########....#.# #.# #


You could see Minkie's ghost (confused).

Vanquished Creatures
  An ice beast (D:3)
  An orc priest (D:3)
  Ijyb (D:3)
  4 adders (D:2)
  2 worms
  3 giant geckos
  4 orcs (D:3)
  2 giant cockroaches
  11 goblins
  11 hobgoblins
  3 jackals (D:3)
  7 kobolds
  A quokka (D:3)
  9 bats
  5 giant newts
  4 rats
69 creatures vanquished.

Notes
Turn   | Place    | Note
--------------------------------------------------------------
     0 | D:1      | Minkie, the Vampire Enchanter, began the quest for the Orb.
     0 | D:1      | Reached XP level 1. HP: 13/13 MP: 3/3
   123 | D:1      | Reached XP level 2. HP: 19/19 MP: 4/4
   345 | D:1      | Learned a level 2 spell: Ensorcelled Hibernation
  1007 | D:2      | Reached skill level 5 in Stealth
  1007 | D:2      | Reached skill level 1 in Ice Magic
  1030 | D:2      | Reached XP level 3. HP: 21/24 MP: 6/6
  1050 | D:2      | Reached skill level 5 in Hexes
  1168 | D:2      | Found a snail-covered altar of Cheibriados.
  1325 | D:2      | Reached XP level 4. HP: 30/30 MP: 4/7
  1382 | D:2      | Found a sacrificial altar of Ru.
  1743 | D:2      | Found a blossoming altar of Fedhas.
  1986 | D:3      | Reached skill level 6 in Stealth
  1993 | D:3      | Noticed Minkie's ghost (average HEWr)
  2131 | D:2      | Learned a level 3 spell: Confuse
  2162 | D:3      | Noticed an ice beast
  2180 | D:3      | Killed an ice beast
  2180 | D:3      | Reached XP level 5. HP: 30/35 MP: 2/9
  2181 | D:3      | Noticed Ijyb
  2194 | D:3      | Killed Ijyb
  2976 | D:3      | Slain by Minkie's ghost

Action                   |  1- 3 |  4- 6 || total
-------------------------+-------+-------++-------
Melee: Dagger            |    61 |   134 ||   195
 Cast: Ensorcelled Hiber |     8 |    10 ||    18
       Confuse           |       |     9 ||     9
       Corona            |       |     1 ||     1
 Stab: Sleeping          |    14 |    20 ||    34
       Confused          |       |     6 ||     6
       Distracted        |       |     1 ||     1
